 Dungeon Crawl Stone Soup version 0.30-a0-715-gdb4ae3ece1 (webtiles) character file.

Game seed: 2628728461797755719

294 BaabKaare the Firebug (level 6, -4/47 HPs)
             Began as a Draconian Fire Elementalist on Jan 23, 2023.
             Killed from afar by Sigmund (9 damage)
             ... with a puff of flame
             ... on level 3 of the Dungeon.
             The game lasted 00:10:16 (5240 turns).

BaabKaare the Firebug (Draconian Fire Elementalist) Turns: 5240, Time: 00:10:17

Health: -4/47      AC:  6    Str: 11    XL:     6   Next: 11%
Magic:  7/12       EV: 12    Int: 17    God:
Gold:   141        SH:  0    Dex: 11    Spells: 3/13 levels left

rFire   . . .      SeeInvis .    (no weapon)
rCold   . . .      Faith    .    (no shield)
rNeg    . . .      Spirit   .    (body armour unavailable)
rPois   .          Reflect  .    (helmet restricted)
rElec   .          Harm     .    (no cloak)
rCorr   .          Rampage  .    (no gloves)
Will    .....                    (no boots)
Stlth   ++                       (no amulet)
HPRegen 0.27/turn                (no ring)
MPRegen 0.13/turn                (no ring)

@: no status effects
A: AC +6, unfitting armour, cold-blooded
a: no special abilities


You were on level 3 of the Dungeon.
You visited 1 branch of the dungeon, and saw 4 of its levels.

You collected 141 gold pieces.

Inventory:

Jewellery
 m - a ring of resist corrosion
Scrolls
 b - 2 scrolls of teleportation {unknown}
 c - a scroll of fear {unknown}
 e - a scroll of identify {unknown}
 g - a scroll of magic mapping {unknown}
 i - a scroll of vulnerability {unknown}
 l - a scroll of poison {unknown}
Potions
 a - a potion of magic
 d - 2 potions of brilliance {unknown}
 f - 2 potions of heal wounds {unknown}
 h - 3 potions of might {unknown}
 j - 2 potions of attraction {unknown}
 k - a potion of cancellation {unknown}
 n - a potion of degeneration {unknown}
 o - a potion of curing


   Skills:
 + Level 1.1 Fighting
 + Level 2.1 Dodging
 + Level 2.0 Stealth
 + Level 4.2 Spellcasting
 + Level 1.2 Conjurations
 + Level 4.9 Fire Magic


You had 3 spell levels left.
You knew the following spells:

 Your Spells              Type           Power      Damage    Failure   Level
a - Foxfire               Conj/Fire      56%        2x1d6     4%          1
b - Scorch                Fire           40%        2d7       3%          2
c - Kindle Blastsparks    Fire/Tloc/Air  18%        2d11      24%         3
d - Flame Wave            Conj/Fire      14%        2d6       41%         4

Your spell library contained the following spells:

 Spells                   Type           Power      Damage    Failure   Level
 Inner Flame              Hex/Fire       12%        N/A       17%         3
 Static Discharge         Conj/Air       10%        2-3/arc   19%         2
 Vhi's Electric Charge    Tloc/Air       6%         N/A       43%         3
 Arcjolt                  Conj/Air       2%         1d12      98%         5
 Lightning Bolt           Conj/Air       2%         1d14      98%         5


Dungeon Overview and Level Annotations

Branches:
Dungeon (4/15)
 Temple: D:4-7

Altars:
Trog

Annotations:
D:3 Sigmund


Innate Abilities, Weirdness & Mutations

Your plain brown scales are hard. (AC +6)
You cannot fit into any form of body armour.
You are cold-blooded and may be slowed by cold attacks.


Message History

Flames lash the adder.
The adder is burned terribly!
You kill the adder!
You feel sick. Something hits you.
You feel yourself slow down. Something freezes you.
You feel sick.
You are no longer poisoned.
A puff of flame appears from out of thin air!
The puff of flame misses you.
You feel yourself speed up.
A puff of flame appears from out of thin air!
The puff of flame hits you.
Something tries to affect you, but you resist.
You hear a zap.
The roots erupt in riotous growth!
The grasping roots grab you!
You are constricted.
You escape the roots grasp.
You hear a zap.
The roots erupt in riotous growth!
The grasping roots grab you!
You are constricted!
* * * LOW HITPOINT WARNING * * *
You escape the roots grasp.
You are confused.
You bump into the rock wall.
You bump into the rock wall.
A puff of flame appears from out of thin air!
The puff of flame hits you.
You bump into the rock wall.
You bump into the rock wall.
Something hits you!
* * * LOW HITPOINT WARNING * * *
Something freezes you.
* * * LOW HITPOINT WARNING * * *
You bump into the rock wall.
You feel less confused.
There is a stone staircase leading down here.
You hear some strange, mumbled words.
A puff of flame appears from out of thin air!
The puff of flame hits you!
You die...

#...'.....#.#
####...#####.#.# ......##
#<#.# .......########.#
.........[......#
######.##.......#
#........###.# ###
########.#......# #.# ....
..........@...### #.#
....#####.....##.##.# ..#
#...###.##..##{##.# ###
#..##.##..##.##.#
######.##..).[##.####
..<........##.##.####.#
......................#
..............##.############
<......#...#####.## #.......#


There were no monsters in sight!

Vanquished Creatures
  A scorpion (D:3)
  Jessica (D:3)
  Natasha (twice) (D:3)
  9 adders
  A dart slug (D:2)
  4 ball pythons
  9 endoplasms
  3 giant cockroaches
  8 goblins
  8 hobgoblins
  7 jackals
  3 quokkas
  7 bats
  4 frilled lizards (D:1)
  6 kobolds
  8 rats
81 creatures vanquished.

Vanquished Creatures (others)
  40 foxfires
40 creatures vanquished.

Grand Total: 121 creatures vanquished

Notes
Turn   | Place    | Note
-------+----------+-------------------------------------------
     0 | D:1      | BaabKaare the Draconian Fire Elementalist began the quest
                  | for the Orb.
     0 | D:1      | Reached XP level 1. HP: 14/14 MP: 3/3
    79 | D:1      | Reached XP level 2. HP: 11/20 MP: 0/5
   161 | D:1      | Learned a level 2 spell: Scorch
  1010 | D:1      | Reached XP level 3. HP: 27/27 MP: 0/6
  2380 | D:3      | Noticed Sigmund
  2393 | D:2      | Reached XP level 4. HP: 23/34 MP: 0/8
  2467 | D:2      | Learned a level 3 spell: Kindle Blastsparks
  3410 | D:2      | Reached skill level 1 in Fighting
  3983 | D:2      | Reached XP level 5. HP: 35/40 MP: 2/9
  4049 | D:2      | Learned a level 4 spell: Flame Wave
  4358 | D:3      | Noticed Jessica
  4362 | D:3      | Killed Jessica
  4556 | D:3      | Noticed Natasha
  4558 | D:3      | Killed Natasha
  5102 | D:3      | Noticed Natasha
  5106 | D:3      | Killed Natasha
  5107 | D:3      | Reached XP level 6. HP: 47/47 MP: 5/12
  5191 | D:3      | Found a bloodstained altar of Trog.
  5240 | D:3      | Killed from afar by Sigmund

Illustrated notes

Levels and vault maps discovered:
D:1:      amcnicky_arrival_double_pillar, layout_rooms,
          chequers_serial_rivers_micro_a, minmay_surrounded
D:2:      layout_loops_cross
D:3:      minmay_chambers_of_twos, layout_basic,
          mainiacjoe_overflow_small_starburst, uniq_sigmund, uniq_natasha,
          uniq_jessica
D:4:      layout_basic, nicolae_ru_sacrificial_ziggurat,
          minmay_temple_entry_stoned_glass, hangedman_decor_points,
          uniq_eustachio

Skill      XL: |  1  2  3  4  5 |
---------------+----------------+-----
Dodging        | 2 |  2.1
Fire Magic     | 4 |  4.9
Spellcasting   | 3 4 |  4.2
Fighting       | 1 |  1.1
Stealth        | 2 |  2.0
Conjurations   | |  1.2

Action                     |  1- 3 |  4- 6 || total
---------------------------+-------+-------++-------
  Melee: Unarmed           |     3 |       ||     3
   Cast: Foxfire           |    22 |       ||    22
         Scorch            |    42 |    50 ||    92
 Armour: Skin              |    56 |     4 ||    60
  Dodge: Dodged            |   112 |    14 ||   126

Table legend: (Time is in decaauts)
 A = Elapsed time spent in this place.
 B = Non-inter-level travel time spent in this place.
 C = Inter-level travel time spent in this place.
 D = Time resting spent in this place.
 E = Time spent auto-exploring this place.
 F = Levels seen in this place.
 G = Mean time per level.
                   A        B        C        D        E       F      G
               +--------+--------+--------+--------+--------+-----+--------+
         Total |   5247 |   5205 |     42 |   3364 |    823 |   4 | 1311.8 |
       Dungeon |   5247 |   5205 |     42 |   3364 |    823 |   4 | 1311.8 |
               +--------+--------+--------+--------+--------+-----+--------+

Top non-repeatable levels by time:
     D:2: 2223 daAuts
     D:1: 2034 daAuts
     D:3: 988 daAuts
     D:4: 1 daAuts
